 Dungeon Crawl Stone Soup version 0.18.1-5-g4a78601 (webtiles) character file.

9958 oplop the Cleaver (level 11, -8/101 HPs)
             Began as a Minotaur Gladiator on May 11, 2016.
             Was a High Priest of Okawaru.
             Mangled by a seven-headed hydra (9 damage)
             ... on level 1 of the Lair of Beasts.
             The game lasted 00:24:50 (10730 turns).

oplop the Cleaver (Minotaur Gladiator)             Turns: 10730, Time: 00:24:51

Health: -8/101     AC:  9    Str: 22    XL:     11   Next: 29%
Magic:  13/13      EV: 18    Int:  5    God:    Okawaru [*****.]
Gold:   596        SH: 14    Dex: 12    Spells: 0 memorised, 10 levels left

rFire  . . .     SeeInvis +     a - +0 war axe
rCold  . . .     Gourm    .     b - +0 leather armour
rNeg   . . .     Faith    .     M - +2 shield
rPois  .         Spirit   .     c - +0 hat
rElec  .         Dismiss  .     C - +0 cloak
rCorr  .         Reflect  .     o - +1 pair of gloves
SustAt .         Harm     .     t - +0 pair of boots
MR     .....                    B - amulet of rage
Stlth  ++........               A - ring of wizardry
                                I - ring of see invisible

@: heroism, not resistant to hostile enchantments, unstealthy
A: retaliatory headbutt, horns 2
a: Heroism, Finesse, Renounce Religion, Evoke Berserk Rage


You were on level 1 of the Lair of Beasts.
You worshipped Okawaru.
Okawaru was extremely pleased with you.
You were hungry.

You visited 3 branches of the dungeon, and saw 13 of its levels.

You collected 596 gold pieces.

Inventory:

Hand Weapons
 a - a +0 war axe (weapon)
 w - the +8 dagger of Nyveeppi {speed, +Inv rC++ Stlth+}
   (You found it on level 7 of the Dungeon)

   Attacks with this weapon are significantly faster.
   It greatly protects you from cold.
   It lets you turn invisible.
   It makes you more stealthy.
Missiles
 d - 2 throwing nets (quivered)
Armour
 b - a +0 leather armour (worn)
 c - a +0 hat (worn)
 o - a +1 pair of gloves (worn)
 t - a +0 pair of boots (worn)
 C - a +0 cloak (worn)
 M - a +2 shield (worn)
 P - a +0 chain mail of cold resistance
Jewellery
 p - an uncursed ring of ice
 q - an uncursed ring of ice
 s - an uncursed ring of ice
 A - a ring of wizardry (right hand)
 B - an amulet of rage (around neck)
 G - an uncursed ring of ice
 I - a ring of see invisible (left hand)
Wands
 k - a wand of digging (18/24)
 y - a wand of random effects (33/48)
 K - a wand of disintegration (5/24)
 L - a wand of lightning (7/15)
 O - a wand of flame (20/48)
 R - a wand of iceblast (3/15)
 S - a wand of enslavement (1/24)
Scrolls
 h - 10 scrolls of remove curse
 i - a scroll of random uselessness {unknown}
 j - a scroll of vulnerability {unknown}
 l - 2 scrolls of noise {unknown}
 m - a scroll of amnesia {unknown}
 n - 3 scrolls of teleportation
 z - a scroll of fog
 F - a scroll of fear {unknown}
 J - 2 scrolls of enchant weapon {unknown}
 T - a scroll of recharging
Potions
 e - a potion of brilliance
 r - a potion of heal wounds
 v - a potion of magic
 x - a potion of might
 D - 2 potions of agility
 E - 4 potions of curing
 N - a potion of flight
 Q - a potion of berserk rage
 U - 2 potions of cure mutation {unknown}
Comestibles
 f - 3 bread rations
 g - a beef jerky
 u - a meat ration
 H - 8 royal jellies
 V - 2 fruits


   Skills:
 + Level 10.9(15.9) Fighting
 + Level 11.0(16.0) Axes
 - Level 2.1(7.1) Throwing
 + Level 5.8(10.8) Armour
 - Level 9.6(14.6) Dodging
 * Level 5.3(10.3) Shields
 - Level 5.1 Invocations
 + Level 4.0 Evocations


You had 10 spell levels left.
You didn't know any spells.

Dungeon Overview and Level Annotations

Branches:
Dungeon (11/15)            Temple (1/1) D:5            Lair (1/8) D:8
    Orc: D:9-12

Altars:
Ashenzari
Cheibriados
Dithmenos
Elyvilon
Fedhas
Gozag
Kikubaaqudgha
Makhleb
Nemelex Xobeh
Okawaru
Pakellas
Qazlal
Ru
Sif Muna
Trog
Vehumet
Xom
Yredelemnul
Zin
The Shining One

Shops:
D:5 (

Annotations:
D:6 1 runed door
D:11 Barrydekale's ghost, journeyman GrFi; grom234's ghost, journeyman DrFE


Innate Abilities, Weirdness & Mutations

You reflexively headbutt those who attack you in melee.
You have a pair of horns on your head.


Message History

Evoke which item? (* to show all) (? for menu, Esc to quit)
Zapping:
S - a wand of enslavement (3/24)
Press: ? - help, Shift-Dir - straight line, f/p - seven-headed hydra
Aim: a seven-headed hydra (heavily wounded, chance to defeat MR: 21%)
The seven-headed hydra resists with almost no effort.
This wand has 2 charges left.
Unknown command.
Evoke which item? (* to show all) (? for menu, Esc to quit)
Zapping:
S - a wand of enslavement (2/24)
Press: ? - help, Shift-Dir - straight line, f/p - seven-headed hydra
Aim: a seven-headed hydra (heavily wounded, chance to defeat MR: 21%)
The seven-headed hydra resists with almost no effort.
This wand has 1 charge left.
The seven-headed hydra bites you!
* * * LOW HITPOINT WARNING * * *
You block the seven-headed hydra's attack.
The seven-headed hydra bites you!
* * * LOW HITPOINT WARNING * * *
The seven-headed hydra barely misses you.
The seven-headed hydra bites you!
You die...

#.###..###....
P.##..........P. #.
#........... #...........
#..>.......#.. ./...# #
#..........##.# .....#
#.##..........##.# .....#
#.............##.##.....#
###...........@...........#
...............D.....)....(#
......##....................#
###.## ##...................#
## #.........##.###....#
###.......##.#.#....##
#..##..###.........#
#####..............#
#..............#


You could see a seven-headed hydra.

Vanquished Creatures
  Erica (D:9)
  Pikel (D:6)
  An elephant (D:8)
  2 spiny frogs (Lair:1)
  A queen bee (D:9)
  A wraith (D:9)
  4 yaks (D:10)
  A vampire mosquito (D:10)
  The ghost of inmateoo the Insei, an amateur TeTm of Cheibriados (D:3)
  2 water moccasins
  2 porcupines (Lair:1)
  7 orc warriors
  A black bear (D:9)
  An eye of draining (D:9)
  A necrophage (D:9)
  2 sky beasts
  2 phantoms
  3 centaurs
  6 ogres
  3 crocodiles
  7 giant frogs
  A gnoll sergeant (D:9)
  A water moccasin zombie (D:5)
  A wyvern skeleton (D:6)
  6 scorpions
  4 wights (D:10)
  22 killer bees
  2 howler monkeys
  2 centaur zombies
  3 giant frog zombies
  6 crimson imps
  3 jellies
  A quasit (D:5)
  4 orc priests
  Crazy Yiuf (D:6)
  4 hounds (D:4)
  11 orc wizards
  3 giant frog skeletons
  2 iguanas
  Ijyb (D:2)
  10 worker ants
  Natasha (thrice) (D:3)
  A killer bee zombie (D:7)
  A sheep (D:8)
  2 hound zombies
  A worker ant zombie (D:9)
  A howler monkey zombie (D:6)
  5 gnolls (D:9)
  A howler monkey skeleton (D:11)
  13 adders
  5 river rats (Lair:1)
  3 shadow imps
  3 worms (D:2)
  3 dart slugs
  2 giant geckos
  40 orcs
  3 giant cockroaches
  9 goblins
  11 hobgoblins
  3 jackals (D:2)
  5 kobolds
  6 quokkas
  2 ball pythons (D:1)
  8 bats
  A giant gecko skeleton (D:5)
  3 giant newts
  2 jackal skeletons (D:5)
  3 rats (D:2)
278 creatures vanquished.

Notes
Turn   | Place    | Note
--------------------------------------------------------------
     0 | D:1      | oplop the Minotaur Gladiator began the quest for the Orb.
     0 | D:1      | Reached XP level 1. HP: 18/18 MP: 0/0
   181 | D:1      | Reached XP level 2. HP: 25/25 MP: 1/1
   346 | D:1      | Reached skill level 4 in Axes
   533 | D:2      | Noticed Ijyb
   551 | D:2      | Killed Ijyb
   551 | D:2      | Reached XP level 3. HP: 11/31 MP: 2/2
   798 | D:2      | Reached XP level 4. HP: 37/38 MP: 3/3
  1167 | D:3      | Noticed Natasha
  1170 | D:3      | Killed Natasha
  1170 | D:3      | Reached skill level 5 in Axes
  1170 | D:3      | Reached XP level 5. HP: 43/46 MP: 4/4
  1175 | D:3      | Noticed Natasha
  1181 | D:3      | Killed Natasha
  1242 | D:3      | Noticed inmateoo's ghost (amateur TeTm)
  1255 | D:3      | Noticed Natasha
  1633 | D:3      | You fall through a shaft for 3 floors!
  1643 | D:5      | Entered Level 5 of the Dungeon
  1673 | D:5      | Found Apnuricveg's Weapon Shoppe.
  1725 | D:5      | Found a staircase to the Ecumenical Temple.
  1738 | Temple   | Entered the Ecumenical Temple
  1963 | Temple   | Became a worshipper of Warmaster Okawaru
  1995 | D:5      | Found a snail-covered altar of Cheibriados.
  2009 | D:5      | Reached skill level 5 in Dodging
  2009 | D:5      | Reached XP level 6. HP: 42/55 MP: 5/5
  2393 | D:5      | Reached skill level 5 in Fighting
  2800 | D:5      | Reached skill level 1 in Invocations
  2825 | D:5      | Reached skill level 6 in Axes
  2855 | D:5      | Reached XP level 7. HP: 37/61 MP: 7/7
  3004 | D:5      | Reached * piety under Okawaru
  3053 | D:5      | Found an iron altar of Okawaru.
  3431 | D:4      | Found a glowing golden altar of the Shining One.
  4071 | D:4      | Reached skill level 7 in Axes
  4071 | D:4      | Reached XP level 8. HP: 30/71 MP: 8/8
  4314 | D:3      | Killed Natasha
  4315 | D:3      | Found a glowing silver altar of Zin.
  4317 | D:3      | Found an opulent altar of Gozag.
  4429 | D:3      | Killed inmateoo's ghost
  4429 | D:3      | Reached ** piety under Okawaru
  4606 | D:6      | Noticed Crazy Yiuf
  4614 | D:6      | Killed Crazy Yiuf
  5127 | D:6      | Reached skill level 8 in Axes
  5147 | D:6      | Noticed Pikel
  5156 | D:6      | Killed Pikel
  5156 | D:6      | Reached *** piety under Okawaru
  5156 | D:6      | Reached XP level 9. HP: 49/81 MP: 10/10
  5296 | D:6      | Found a sparkling altar of Nemelex Xobeh.
  5456 | D:6      | Found a glowing golden altar of the Shining One.
  5456 | D:6      | Found a runed door.
  5456 | D:6      | Noticed an angel
  5856 | D:7      | Reached skill level 9 in Axes
  6391 | D:7      | Got a crystal dagger
  6392 | D:7      | Identified the +8 dagger of Nyveeppi {speed, +Inv rC++ Stlth+} (You found it on level 7 of the Dungeon)
  6712 | D:8      | Reached skill level 5 in Invocations
  6720 | D:8      | Noticed an elephant
  6832 | D:8      | Reached skill level 1 in Armour
  6928 | D:8      | Reached **** piety under Okawaru
  6944 | D:8      | Found a staircase to the Lair.
  7032 | D:8      | Killed an elephant
  7032 | D:8      | Reached skill level 1 in Evocations
  7032 | D:8      | Reached XP level 10. HP: 46/91 MP: 9/12
  7548 | D:9      | Found an opulent altar of Gozag.
  7599 | D:9      | Reached skill level 10 in Axes
  7602 | D:9      | Received a gift from Okawaru
  8033 | D:9      | Reached skill level 10 in Fighting
  8127 | D:9      | HP: 3/93 [killer bee (4)]
  8376 | D:9      | Reached ***** piety under Okawaru
  8444 | D:9      | Found an oddly glowing altar of Pakellas.
  8591 | D:9      | Reached skill level 1 in Shields
  8965 | D:9      | Noticed Erica
  8978 | D:9      | Killed Erica
  9104 | D:9      | Found an ancient bone altar of Kikubaaqudgha.
  9105 | D:9      | Found a burning altar of Makhleb.
  9142 | D:10     | Entered Level 10 of the Dungeon
  9163 | D:10     | Reached skill level 5 in Armour
  9311 | D:10     | Reached XP level 11. HP: 51/100 MP: 10/13
 10019 | D:11     | Noticed grom234's ghost (journeyman DrFE)
 10035 | D:11     | Noticed Barrydekale's ghost (journeyman GrFi)
 10124 | Lair:1   | Entered Level 1 of the Lair of Beasts
 10187 | Lair:1   | Reached skill level 5 in Shields
 10215 | Lair:1   | Received a gift from Okawaru
 10663 | Lair:1   | Reached skill level 11 in Axes
 10706 | Lair:1   | Noticed a four-headed hydra
 10730 | Lair:1   | HP: 1/101 [seven-headed hydra (13)]
 10730 | Lair:1   | Mangled by a seven-headed hydra

Skill      XL: |  1  2  3  4  5  6  7  8  9 10 11 |
---------------+----------------------------------+-----
Axes           | 4 5 6 7 8 9 10 11 | 11.0
Fighting       | 3 4 5 6 8 9 10 | 10.9
Dodging        | 4 5 6 7 8 9 |  9.6
Invocations    | 1 2 3 5 |  5.1
Armour         | 2 5 |  5.8
Evocations     | 1 3 4 |  4.0
Shields        | 3 5 |  5.3
Throwing       | |  2.1

Action                   |  1- 3 |  4- 6 |  7- 9 | 10-12 || total
-------------------------+-------+-------+-------+-------++-------
Melee: War axe           |    53 |   118 |   283 |   323 ||   777
       Headbutt          |     9 |    22 |    66 |    70 ||   167
       Dagger            |       |       |    13 |       ||    13
       Punch             |       |       |     1 |       ||     1
Throw: Throwing net      |     3 |     1 |     7 |       ||    11
Invok: Heroism           |       |       |     5 |     6 ||    11
Evoke: Wand              |       |       |     2 |     6 ||     8
  Use: Potion            |       |     3 |     2 |     3 ||     8
       Scroll            |       |     5 |       |     7 ||    12
 Stab: Held in net/web   |       |     2 |       |       ||     2
  Eat: Chunk             |       |     2 |    10 |     6 ||    18
       Bread ration      |       |     1 |       |       ||     1
       Fruit             |       |       |     5 |       ||     5
       Meat ration       |       |       |       |     1 ||     1
       Pizza             |       |       |       |     1 ||     1
Armor: Leather armour    |    18 |    40 |    67 |    58 ||   183
Dodge: Dodged            |    30 |    95 |   184 |   202 ||   511
Block: Shield            |       |       |       |    95 ||    95
